 Dungeon Crawl Stone Soup version 0.29-a0-418-gc0181ea820 (webtiles) character file.

Game seed: 5533537375341327457

12 xian the Sneak (level 2, -2/14 HPs)
             Began as a Felid Delver on May 18, 2022.
             Was an Initiate of Uskayaw.
             Slain by an orc
             ... wielding a +0 dagger
              (3 damage)
             ... on level 4 of the Dungeon.
             The game lasted 00:02:02 (569 turns).

xian the Sneak (Felid Delver)                        Turns: 569, Time: 00:02:03

Health: -2/14      AC:  1    Str:  8    XL:     2   Next: 20%
Magic:  3/3        EV: 17    Int: 11    God:    Uskayaw [......]
Gold:   31         SH:  0    Dex: 17    Spells: 1/1 levels left
                                        Lives:  0   Deaths: 0

rFire   . . .      SeeInvis +     - Unarmed
rCold   . . .      Faith    .   (shield unavailable)
rNeg    . . .      Spirit   .   (body armour unavailable)
rPois   .          Reflect  .   (helmet unavailable)
rElec   .          Harm     .   (cloak unavailable)
rCorr   .          Rampage  .   (gloves unavailable)
Will    .....                   (boots unavailable)
Stlth   ++++......              (no amulet)
HPRegen 0.04/turn               (no ring)
MPRegen 0.08/turn               (no ring)

@: quick
A: very small, claws 1, fangs 3, see invisible, speed 1, shaggy fur 1, stealthy
paws, no weapons or thrown items, no armour, multi-lived
a: Renounce Religion


You were on level 4 of the Dungeon.
You worshipped Uskayaw.
Uskayaw was noncommittal.
You visited 2 branches of the dungeon, and saw 3 of its levels.

You collected 31 gold pieces.

Inventory:

Wands
 e - a wand of digging (3)
Scrolls
 a - a scroll of fog
 b - a scroll of magic mapping
 c - a scroll of fear
 f - 2 scrolls of teleportation {unknown}
 i - a scroll of vulnerability {unknown}
Potions
 d - a potion of haste
 g - a potion of attraction {unknown}
 h - a potion of might {unknown}


   Skills:
 + Level 3.1 Fighting
 + Level 2.7 Dodging
 + Level 7.2 Stealth
 + Level 2.0 Unarmed Combat


You had one spell level left.
You didn't know any spells.
Your spell library was empty.

Dungeon Overview and Level Annotations

Branches:
Dungeon (5/15)             Temple (1/1) D:4

Altars:
Cheibriados
Dithmenos
Elyvilon
Gozag
Hepliaklqana
Kikubaaqudgha
Makhleb
Okawaru
Qazlal
Trog
Uskayaw
Vehumet
Wu Jian
Zin
The Shining One


Innate Abilities, Weirdness & Mutations

You have sharp claws.
You have razor-sharp teeth.
You have supernaturally acute eyesight. (SInv)
You cover ground quickly. (Speed+)
You are covered in fur. (AC +1)
Your paws help you pounce on unaware monsters.
You are incapable of wielding weapons or throwing items.
You cannot wear armour.
You gain extra lives every three experience levels.


Message History

There is a shadowy altar of Dithmenos here.
Found a hazy altar of Hepliaklqana.
There is an ancient bone altar of Kikubaaqudgha here.
Found a glowing silver altar of Zin.
There is an ornate altar of the Wu Jian Council here.
There is a staircase back to the Dungeon here.
You climb upwards.
There is a staircase to the Ecumenical Temple here.
There is a fountain of clear blue water here.
There is a stone staircase leading down here.
Found a war axe.
Found an opulent altar of Gozag.
You now have 20 gold pieces (gained 9).
You see here a +0 war axe.
You now have 21 gold pieces (gained 1).
You now have 23 gold pieces (gained 2).
You now have 25 gold pieces (gained 2).
You now have 27 gold pieces (gained 2).
You now have 29 gold pieces (gained 2).
You now have 31 gold pieces (gained 2). 2 orcs come into view.
You see here a gold piece.
An orc comes into view. It is wielding a +0 club.
The orc shouts!
The orc hits you with a +0 whip.
You closely miss the orc. The orc hits you with a +0 whip.
The orc shouts!
You scratch the orc.
The orc is almost dead.
The orc hits you with a +0 whip.
* * * LOW HITPOINT WARNING * * *
The orc closely misses you.
You scratch the orc.
You kill the orc!
The orc hits you with a +0 dagger.
* * * LOW HITPOINT WARNING * * *
An orc comes into view. It is wielding a +0 short sword.
The orc shouts!
The orc hits you with a +0 dagger.
You die...

#### #...#######
..........# ..........#
..........# #...##.._.#
#+# #####
.#...###$$.####.####...#
....o..@..........)....#
.o.....o...............#
.......................#
.............##...##...#
####..####...##...######
#.. ##...##....+ ....
+..........# ....
#..........#
#....##...##...#


You could see 3 orcs.

Vanquished Creatures
  An adder (D:5)
  An orc (D:4)
  A quokka (D:4)
3 creatures vanquished.

Notes
Turn   | Place    | Note
-------+----------+-------------------------------------------
     0 | D:5      | xian the Felid Delver began the quest for the Orb.
     0 | D:5      | Reached XP level 1. HP: 10/10 MP: 2/2
    43 | D:5      | Reached skill level 7 in Stealth
    43 | D:5      | Reached XP level 2. HP: 14/14 MP: 3/3
   207 | D:4      | Found a staircase to the Ecumenical Temple.
   248 | Temple   | Entered the Ecumenical Temple
   285 | Temple   | Became a worshipper of Uskayaw the Reveller
   527 | D:4      | Found an opulent altar of Gozag.
   569 | D:4      | Slain by an orc

Illustrated notes

Levels and vault maps discovered:
D:4:      layout_gridville, mainiacjoe_overflow_surrounded_room,
          nicolae_gozag_seed_capital, minmay_temple_entry_statues_fountains
D:5:      layout_loops_corners, mainiacjoe_overflow_tiny_flanked
Temple:   eino_narrow_crystal_temple

Skill      XL: |  1 |
---------------+----+-----
Stealth        | 7 |  7.2
Fighting       | |  3.1
Dodging        | |  2.7
Unarmed Combat | |  2.0

Action                   || total
-------------------------++-------
Melee: Unarmed           ||    12
       Bite              ||     1
 Stab: Sleeping          ||     1
Dodge: Dodged            ||     9

Table legend: (Time is in decaauts)
 A = Elapsed time spent in this place.
 B = Non-inter-level travel time spent in this place.
 C = Inter-level travel time spent in this place.
 D = Time resting spent in this place.
 E = Time spent auto-exploring this place.
 F = Levels seen in this place.
 G = Mean time per level.
                   A        B        C        D        E       F      G
               +--------+--------+--------+--------+--------+-----+--------+
         Total |    471 |    471 |      0 |      0 |    354 |   3 |  157.0 |
       Dungeon |    263 |    263 |      0 |      0 |    189 |   2 |  131.5 |
        Temple |    207 |    207 |      0 |      0 |    164 |   1 |  207.0 |
               +--------+--------+--------+--------+--------+-----+--------+

Top non-repeatable levels by time:
  Temple: 207 daAuts
     D:5: 167 daAuts
     D:4: 96 daAuts
